 Dungeon Crawl Stone Soup version 0.31.0-32-g396128a36d (webtiles) character file.

Game seed: 15517395597091842239

429 KennySheep the Sneak (level 6, 0/54 HPs)
             Began as a Deep Elf Delver on Apr 9, 2024.
             Slain by Menkaure (15 damage)
             ... on level 4 of the Dungeon.
             The game lasted 00:24:06 (3163 turns).

KennySheep the Sneak (Deep Elf Delver)              Turns: 3163, Time: 00:24:07

Health: 0/54       AC: 23    Str:  9    XL:     6   Next: 66%
Magic:  24/24      EV:  2    Int: 15    God:
Gold:   152        SH:  0    Dex: 18    Spells: 15/15 levels left

rFire   . . .        b - +1 dagger (venom)
rCold   . . .        (no shield)
rNeg    . . .        p - melded +0 leather armour
rPois   +            (helmet currently unavailable)
rElec   .            h - melded scarf {shadows}
rCorr   .            (gloves currently unavailable)
SInv    .            (boots currently unavailable)
Will    .....        (no amulet)
Stlth   +            t - ring of magical power
HPRegen 0.29/turn    x - +5 ring of evasion
MPRegen 0.19/turn

%: no passive effects
@: confused, tree-form, ambrosia-drunk
A: stationary, stasis, torment immunity, boosted hp
a: no special abilities


You were on level 4 of the Dungeon.
You were a tree.
You visited 1 branch of the dungeon, and saw 5 of its levels.

You collected 152 gold pieces.

Inventory:

Hand Weapons
 b - a +1 dagger of venom (weapon)
 l - a +0 sling
 m - a +0 dagger
 w - a +0 short sword
Armour
 h - a scarf of shadows (melded)
 p - a +0 leather armour (melded)
Magical Staves
 a - a staff of fire
Jewellery
 j - a ring of fire
 t - a ring of magical power (left branch)
 x - a +5 ring of evasion (right branch)
 y - a ring of wizardry
Talismans
 o - a dragon-blood talisman
Wands
 g - a wand of digging (3)
 n - a wand of polymorph (11)
Scrolls
 c - 2 scrolls of fog
 d - 2 scrolls of revelation
 e - a scroll of fear
 i - 2 scrolls of blinking
 k - 4 scrolls of vulnerability
 r - a scroll of noise
 s - a scroll of poison
 u - a scroll of enchant weapon {unknown}
 A - a scroll of torment {unknown}
Potions
 f - a potion of haste
 z - a potion of invisibility {unknown}


   Skills:
 - Level 2.4 Fighting
 - Level 2.0 Short Blades
 - Level 1.0 Ranged Weapons
 - Level 3.2 Dodging
 - Level 6.4 Stealth
 + Level 5.3 Spellcasting
 * Level 5.0 Fire Magic


You had 15 spell levels left.
You didn't know any spells.
Your spell library contained the following spells:

 Spells                   Type           Power      Damage    Failure   Level
 Foxfire                  Conj/Fire      44%        2x1d6     5%          1
 Magic Dart               Conj           12%        1d3       16%         1
 Inner Flame              Hex/Fire       11%        N/A       17%         3
 Blink                    Tloc           6%         N/A       24%         2
 Call Imp                 Summ           6%         N/A       24%         2
 Irradiate                Conj/Alch      1%         3d12      99%         5
 Plasma Beam              Fire/Air       5%         2x1d16    100%        6
 Starburst                Conj/Fire      5%         6d4       100%        6
 Malign Gateway           Summ/Tloc      1%         N/A       100%        7
 Ignition                 Fire           9%         3d5       100%        8
 Summon Horrible Things   Summ           1%         N/A       100%        8


Dungeon Overview and Level Annotations

Branches:
Dungeon (5/15)
 Temple: D:4-7

Altars:

Shops:
D:4 ?

Annotations:
D:4 2 transporters, Menkaure


Message History

Menkaure is lightly damaged.
Menkaure completely misses you.
You hit Menkaure but do no damage.
Menkaure is lightly damaged.
Menkaure barely misses you.
Okay, then.
Okay, then.
You hit Menkaure.
Menkaure is lightly damaged.
You hit Menkaure but do no damage.
Menkaure is lightly damaged.
Menkaure mumbles some strange words.
Menkaure seems to speed up.
You hit Menkaure.
Menkaure is moderately damaged.
Menkaure barely misses you.
You hit Menkaure.
Menkaure is moderately damaged.
Menkaure misses you.
You barely miss Menkaure.
Menkaure is moderately damaged.
Menkaure barely misses you.
You hit Menkaure.
Menkaure is heavily damaged.
Menkaure barely misses you. Menkaure hits you!!
Ouch! That really hurt!
* * * LOW HITPOINT WARNING * * *
It was a potion of lignification.
You turn into a tree.
Your scarf of shadows melds into your body.
Your +0 leather armour melds into your body.
The dungeon's light returns to normal.
Your roots penetrate the ground.
Menkaure hits you.
* * * LOW HITPOINT WARNING * * *
You hit Menkaure.
Menkaure is heavily damaged.
Menkaure hits you but does no damage.
It was a potion of ambrosia.
You are confused.
You feel invigorated. Menkaure hits you!
You die...

.....# .....# .# .....#####
##.## ......#..## ....#
...#......######..#
...#......##.##...######
.........##..>#.....#..##
........##.....M........
....#....(....##♣##...#
.####......>...#......## .#
#.............#.....#
#####.........##.#...###
.............###.#...###
...........#...#.......#
<..........#...........##
.......##...##.##.......#######
.......##......##........##...#


You could see Menkaure (fast).

Vanquished Creatures
  A steam dragon (D:4)
  A black bear (D:4)
  2 orc priests (D:4)
  A hound (D:4)
  Jessica (D:2)
  An adder (D:3)
  5 dart slugs
  A ribbon worm (D:2)
  6 orcs
  6 ball pythons
  2 endoplasms
  7 giant cockroaches
  5 goblins
  5 hobgoblins
  6 quokkas
  5 bats
  4 frilled lizards (D:1)
  5 kobolds
  7 rats
71 creatures vanquished.

Notes
Turn   | Place    | Note
-------+----------+-------------------------------------------
     0 | D:5      | KennySheep the Deep Elf Delver began the quest for the Orb.
     0 | D:5      | Reached XP level 1. HP: 13/13 MP: 3/3
   114 | D:4      | Noticed a black bear
   221 | D:3      | Reached skill level 1 in Spellcasting
   236 | D:3      | Reached XP level 2. HP: 18/18 MP: 5/5
   584 | D:1      | Reached XP level 3. HP: 22/22 MP: 8/8
   954 | D:1      | Reached skill level 1 in Ranged Weapons
  1200 | D:2      | Noticed Jessica
  1660 | D:2      | Reached skill level 1 in Fire Magic
  1676 | D:2      | Killed Jessica
  1677 | D:2      | Reached XP level 4. HP: 22/27 MP: 10/10
  1852 | D:1      | Found a faded altar of an unknown god.
  2535 | D:4      | Found a transporter.
  2538 | D:4      | Found Notiodil's Magic Scroll Shop.
  2546 | D:4      | Reached XP level 5. HP: 31/31 MP: 12/12
  2645 | D:4      | Found a transporter.
  2651 | D:4      | Noticed Menkaure
  2972 | D:4      | Killed a black bear
  3029 | D:4      | Reached XP level 6. HP: 36/36 MP: 14/14
  3136 | D:4      | Noticed a steam dragon
  3150 | D:4      | Killed a steam dragon
  3151 | D:4      | Reached skill level 5 in Spellcasting
  3151 | D:4      | Reached skill level 5 in Fire Magic
  3163 | D:4      | Slain by Menkaure

Illustrated notes

Levels and vault maps discovered:
D:1:      spicycebolla_arrival_ecumenical, layout_basic, minmay_3d_cube
D:2:      layout_loops_ring, uniq_jessica
D:3:      layout_basic
D:4:      layout_cave_pools, serial_shops, nicolae_shop_drivethru, uniq_menkaure
D:5:      layout_basic, mainiacjoe_overflow_divided_tiny,
          nicolae_wooded_promenade, uniq_sigmund

Skill      XL: |  1  2  3  4  5  6 |
---------------+-------------------+-----
Spellcasting   | 1 2 3 4 5 |  5.3
Dodging        | 3 |  3.2
Ranged Weapons | 1 |  1.0
Fire Magic     | 1 2 4 5 |  5.0
Fighting       | |  2.4
Short Blades   | |  2.0
Stealth        | |  6.4

Action                     |  1- 3 |  4- 6 || total
---------------------------+-------+-------++-------
  Melee: Short sword       |   150 |       ||   150
         Dagger            |       |    79 ||    79
         Punch             |       |     1 ||     1
   Fire: Sling             |    13 |       ||    13
    Use: Scroll            |     4 |     2 ||     6
         Potion            |     2 |     2 ||     4
   Stab: Sleeping          |    14 |     7 ||    21
 Armour: Leather armour    |    81 |    31 ||   112
         Skin              |       |     3 ||     3
  Dodge: Dodged            |   106 |    56 ||   162
